 Dungeon Crawl Stone Soup version 0.28-a0-258-g8de209e91f (webtiles) character file.

Game seed: 15162787308248031883

403 graki42 the Magician (level 6, -1/32 HPs)
             Began as a Deep Elf Fire Elementalist on Aug 26, 2021.
             Was a Follower of Vehumet.
             Killed from afar by an orc wizard (5 damage)
             ... with a magic dart
             ... on level 3 of the Dungeon.
             The game lasted 00:07:22 (3375 turns).

graki42 the Magician (Deep Elf Fire Elementalist)   Turns: 3375, Time: 00:07:23

Health: -1/32      AC:  4    Str:  7    XL:     6   Next: 55%
Magic:  12/16      EV: 13    Int: 20    God:    Vehumet [*.....]
Gold:   185        SH:  0    Dex: 15    Spells: 8/15 levels left

rFire   . . .      SeeInvis .   l - +1 dagger (venom)
rCold   . . .      Faith    .   (no shield)
rNeg    . . .      Spirit   .   a - +0 robe
rPois   .          Reflect  .   (no helmet)
rElec   .          Harm     .   (no cloak)
rCorr   .          Rampage  .   j - +0 pair of gloves
Will    .....                   o - +0 pair of boots
Stlth   ++........              (no amulet)
HPRegen 0.10/turn               (no ring)
MPRegen 0.15/turn               (no ring)

@: no status effects
A: no striking features
a: Renounce Religion


You were on level 3 of the Dungeon.
You worshipped Vehumet.
Vehumet was aware of your devotion.
You visited 1 branch of the dungeon, and saw 4 of its levels.

You collected 185 gold pieces.

Inventory:

Hand Weapons
 l - a +1 dagger of venom (weapon)
Missiles
 e - a throwing net
Armour
 a - a +0 robe (worn)
 j - a +0 pair of gloves (worn)
 o - a +0 pair of boots (worn)
Magical Staves
 m - a staff of earth
Wands
 f - a wand of digging (3)
 q - a wand of paralysis (5)
Scrolls
 b - a scroll of blinking {unknown}
 c - 2 scrolls of amnesia {unknown}
 h - a scroll of silence {unknown}
 i - a scroll of teleportation
 k - 3 scrolls of identify {unknown}
 n - a scroll of summoning {unknown}
 p - a scroll of holy word {unknown}
 t - a scroll of enchant weapon {unknown}
Potions
 d - 2 potions of berserk rage {unknown}
 g - a potion of might {unknown}
 r - a potion of brilliance {unknown}
 s - 2 potions of curing {unknown}
 u - a potion of lignification {unknown}


   Skills:
 - Level 3.0 Dodging
 - Level 3.0 Stealth
 + Level 5.3 Spellcasting
 + Level 3.7 Conjurations
 + Level 4.9 Fire Magic
 + Level 2.8 Earth Magic


You had 8 spell levels left.
You knew the following spells:

 Your Spells              Type           Power      Damage    Failure   Level
a - Foxfire               Conj/Fire      88%        2x1d8     1%          1
b - Conjure Flame         Conj/Fire      22%        6-21      6%          3
c - Inner Flame           Hex/Fire       15%        N/A       12%         3

Your spell library contained the following spells:

 Spells                   Type           Power      Damage    Failure   Level
 Sandblast                Erth           32%        2d9       3%          1
 Corona                   Hex            5%         N/A       11%         1
 Ensorcelled Hibernation  Hex/Ice        10%        N/A       17%         2
 Sticky Flame             Conj/Fire      22%        2d4       19%         4
 Tukima's Dance           Hex            5%         N/A       32%         3
 Fireball                 Conj/Fire      11%        3d7       47%         5


Dungeon Overview and Level Annotations

Branches:
Dungeon (4/15)             Temple (0/1) D:4

Altars:
Elyvilon
Vehumet


Message History

The orc hits you with a +0 falchion.
Unknown command.
You hit the orc but do no damage.
The orc looks as sick as possible!
The orc is heavily wounded.
You kill the orc!
Vehumet accepts your kill.
Casting: Foxfire (safe; 1% risk of failure)
Confirm with . or Enter, or press ? or * to list all spells.
You don't know that spell.
You hit the orc but do no damage.
The orc is poisoned.
The orc hits you with a +0 club.
You barely miss the orc.
You hear some strange, mumbled words.
A puff of flame appears from out of thin air!
The puff of flame hits you!
You hit the orc but do no damage.
The orc is lightly wounded.
The orc hits you but does no damage.
You hit the orc.
The orc looks as sick as possible!
The orc is heavily wounded.
The orc barely misses you. Something hits you.
You barely miss the orc.
The orc is severely wounded.
You kill the orc!
Vehumet accepts your kill.
You feel your power returning. Something hits you but does no damage.
Something hits you.
Items here: ( )) [[ †.
Casting: Foxfire (safe; 1% risk of failure)
Confirm with . or Enter, or press ? or * to list all spells.
The fire begins to smoulder!
Something hits you.
You hear some strange, mumbled words.
A puff of flame appears from out of thin air!
The puff of flame hits you!
* * * LOW HITPOINT WARNING * * *
The fire ignites!
Unknown command.
A magic dart appears from out of thin air!
The magic dart hits you.
You die...

#.#.#.# #.###.#.
#.#.#.# #.....#.
###)#>#.# #..####.
#{))#.#.# #..# #.
#§###.#.# #..# #.
#.# #.#.# #^.# ##
#.# #.#.# #..# #.#
#.#.###..# #@#
#.#......#
##.###.#####..#####
#......# ##.)....
######## #######


There were no monsters in sight!

Vanquished Creatures
  A sky beast (D:4)
  A hound (D:4)
  A jelly (D:4)
  An orc priest (D:3)
  An iguana (D:4)
  7 gnolls (D:4)
  5 adders
  2 ufetubi (D:4)
  2 dart slugs
  7 orcs
  4 ball pythons
  6 bats
  6 endoplasms
  A giant cockroach (D:4)
  2 goblins (D:1)
  5 hobgoblins
  3 quokkas
  3 frilled lizards
  6 kobolds
  4 rats
68 creatures vanquished.

Vanquished Creatures (others)
  196 foxfires
196 creatures vanquished.

Grand Total: 264 creatures vanquished

Notes
Turn   | Place    | Note
-------+----------+-------------------------------------------
     0 | D:1      | graki42 the Deep Elf Fire Elementalist began the quest for
                  | the Orb.
     0 | D:1      | Reached XP level 1. HP: 10/10 MP: 6/6
   109 | D:1      | Reached XP level 2. HP: 15/15 MP: 6/8
  1189 | D:2      | Found a radiant altar of Vehumet.
  1196 | D:2      | Became a worshipper of Vehumet
  1708 | D:3      | Reached XP level 3. HP: 19/19 MP: 6/9
  1712 | D:3      | Learned a level 3 spell: Conjure Flame
  1716 | D:3      | Learned a level 3 spell: Inner Flame
  2369 | D:4      | Reached XP level 4. HP: 6/24 MP: 5/11
  2508 | D:4      | Reached skill level 4 in Spellcasting
  2518 | D:4      | Noticed a sky beast
  2526 | D:4      | Killed a sky beast
  2526 | D:4      | Reached * piety under Vehumet
  2526 | D:4      | Offered knowledge of Sandblast by Vehumet.
  2527 | D:4      | Reached skill level 1 in Earth Magic
  2527 | D:4      | Reached XP level 5. HP: 22/28 MP: 0/13
  2798 | D:4      | Reached XP level 6. HP: 32/32 MP: 6/15
  2910 | D:4      | Reached skill level 5 in Spellcasting
  3055 | D:4      | Found a staircase to the Ecumenical Temple.
  3097 | D:4      | Found a white marble altar of Elyvilon.
  3375 | D:3      | Killed from afar by an orc wizard

Illustrated notes

Levels and vault maps discovered:
D:1:      lemuel_arrival_cross, layout_rooms
D:2:      layout_loops_corners, basic_altar, kennysheep_cross_room
D:3:      layout_basic
D:4:      layout_cave_pools, mainiacjoe_overflow_cross_hatched, temple_green

Skill      XL: |  1  2  3  4  5  6 |
---------------+-------------------+-----
Stealth        | 3 |  3.0
Dodging        | 3 |  3.0
Conjurations   | 2 3 |  3.7
Spellcasting   | 4 5 |  5.3
Fire Magic     | 4 |  4.9
Earth Magic    | 1 2 |  2.8

Action                   |  1- 3 |  4- 6 || total
-------------------------+-------+-------++-------
Melee: Dagger            |    12 |     9 ||    21
 Cast: Foxfire           |    56 |    59 ||   115
       Conjure Flame     |     1 |     1 ||     2
  Use: Scroll            |     1 |       ||     1
Armor: Robe              |     3 |     6 ||     9
Dodge: Dodged            |    21 |     6 ||    27

Table legend: (Time is in decaauts)
 A = Elapsed time spent in this place.
 B = Non-inter-level travel time spent in this place.
 C = Inter-level travel time spent in this place.
 D = Time resting spent in this place.
 E = Time spent auto-exploring this place.
 F = Levels seen in this place.
 G = Mean time per level.
                   A        B        C        D        E       F      G
               +--------+--------+--------+--------+--------+-----+--------+
         Total |   3374 |   3280 |     94 |    230 |   2575 |   4 |  843.5 |
       Dungeon |   3374 |   3280 |     94 |    230 |   2575 |   4 |  843.5 |
               +--------+--------+--------+--------+--------+-----+--------+

Top non-repeatable levels by time:
     D:2: 1057 daAuts
     D:4: 962 daAuts
     D:3: 710 daAuts
     D:1: 643 daAuts
